ORI
MISSISSIPPI STATE UNIVERSITY BULLDOGS @ UNIVERSITY OF SOUTHERN CALIFORNIA TROJANS
11/15/2045
 
TOP OF THE 1ST
St. Lucie Mets batting - Pitching for Carolina Mudcats : LHP Alex Quinonez
Pitching: LHP Alex Quinonez
Batting: RHB José Molina 0-0: Ball
1-0: Called Strike
1-1: Foul Ball, location: 2F
1-2: Ball
2-2: Foul Ball, location: 2F
2-2: Ball
3-2: Foul Ball, location: 2F
3-2: Base on Balls
Batting: RHB Jarne ter Horst 0-0: Ball
1-0: Ball
2-0: Foul Ball, location: 2F
2-1: Ball
3-1: Foul Ball, location: 2F
3-2: Foul Ball, location: 2F
3-2: Strikes out swinging
José Molina is caught stealing 2nd base 2-4
Batter strikes out.
Batting: RHB Dave Contreras 0-0: Ground out 6-3 (Groundball, 6, EV 82.5 MPH)
Top of the 1st over - 0 runs, 0 hits, 0 errors, 0 left on base; St. Lucie 0 - Carolina 0
BOTTOM OF THE 1ST
Carolina Mudcats batting - Pitching for St. Lucie Mets : RHP Jeff Wemp
Pitching: RHP Jeff Wemp
Batting: RHB Andres Falcon 0-0: Ball
1-0: Foul Ball, location: 2F
1-1: Ball
2-1: Called Strike
2-2: Ball
3-2: Foul Ball, location: 2F
3-2: Base on Balls
Batting: LHB Miles Peeters 0-0: Ball
1-0: SINGLE (Line Drive, 56, EV 100.6 MPH)
Andres Falcon to second
Batting: RHB Jason Andrews 0-0: Fielders Choice at 2nd, 6-4 (Groundball, 6M, EV 85.0 MPH)
Andres Falcon to third
Batting: SHB Elijah Jackson 0-0: Ball
1-0: Ball
2-0: Fly out, F9 (Line Drive, 9, EV 90.0 MPH)
Runner from 3rd tags up, SCORES, throw by RF
Batting: LHB Arvid Valk 0-0: SINGLE (Groundball, 6S, EV 66.9 MPH) (infield hit)
Jason Andrews to second
Batting: RHB Teruo Nakayama 0-0: Swinging Strike
0-1: Ball
1-1: Foul Ball, location: 2F
1-2: Ball
2-2: Strikes out swinging
Bottom of the 1st over - 1 run, 2 hits, 0 errors, 2 left on base; St. Lucie 0 - Carolina 1
TOP OF THE 2ND
St. Lucie Mets batting - Pitching for Carolina Mudcats : LHP Alex Quinonez
Batting: SHB Tomas Caldera 0-0: Called Strike
0-1: Foul Ball, location: 2F
0-2: Ball
1-2: Ball
2-2: Ball
3-2: Foul Ball, location: 2F
3-2: Foul Ball, location: 2F
3-2: Strikes out swinging
Batting: LHB Chris Pulsipher 0-0: Foul Ball, location: 2F
0-1: Called Strike
0-2: Strikes out looking
Batting: RHB Hector Ayala 0-0: Called Strike
0-1: Foul Ball, location: 2F
0-2: Strikes out swinging
Top of the 2nd over - 0 runs, 0 hits, 0 errors, 0 left on base; St. Lucie 0 - Carolina 1
BOTTOM OF THE 2ND
Carolina Mudcats batting - Pitching for St. Lucie Mets : RHP Jeff Wemp
Batting: RHB Juan Montijo 0-0: Swinging Strike
0-1: Called Strike
0-2: Ball
1-2: Ground out 4-3 (Groundball, 4MS, EV 81.3 MPH)
Batting: RHB Ricky Fernandez 0-0: Swinging Strike
0-1: Foul Ball, location: 2F
0-2: Strikes out swinging
Batting: LHB Alex Quinonez 0-0: Called Strike
0-1: Ball
1-1: Ball
2-1: Ball
3-1: Called Strike
3-2: Strikes out swinging
Bottom of the 2nd over - 0 runs, 0 hits, 0 errors, 0 left on base; St. Lucie 0 - Carolina 1
TOP OF THE 3RD
St. Lucie Mets batting - Pitching for Carolina Mudcats : LHP Alex Quinonez
Batting: RHB Vinny Ramales 0-0: Called Strike
0-1: SINGLE (Line Drive, 78M, EV 105.6 MPH)
Batting: RHB Erick Aguila 0-0: Grounds into double play, 6-4-3 (Groundball, 6, EV 105.6 MPH)
Pitching: LHP Sam Toope
Batting: RHB Jeff Wemp 0-0: Foul Ball, location: 2F
0-1: Swinging Strike
0-2: Ball
1-2: Ball
2-2: Ground out 5-3 (Groundball, 56, EV 102.5 MPH)
Top of the 3rd over - 0 runs, 1 hit, 0 errors, 0 left on base; St. Lucie 0 - Carolina 1
BOTTOM OF THE 3RD
Carolina Mudcats batting - Pitching for St. Lucie Mets : RHP Jeff Wemp
Batting: RHB Andres Falcon 0-0: Ball
1-0: Fly out, F8 (Line Drive, 8LD, EV 102.5 MPH)
Batting: LHB Miles Peeters 0-0: Ball
1-0: Foul Ball, location: 2F
1-1: Ball
2-1: Foul Ball, location: 2F
2-2: Ball
3-2: Foul Ball, location: 2F
3-2: SINGLE (Groundball, 4MD, EV 95.0 MPH)
Batting: RHB Jason Andrews 0-0: Ball
1-0: Fly out, F8 (Flyball, 8RD, EV 103.1 MPH)
Batting: SHB Elijah Jackson 0-0: Ball
1-0: Ground out 1-3 (Groundball, 13S, EV 69.4 MPH)
Bottom of the 3rd over - 0 runs, 1 hit, 0 errors, 1 left on base; St. Lucie 0 - Carolina 1
TOP OF THE 4TH
St. Lucie Mets batting - Pitching for Carolina Mudcats : LHP Sam Toope
Batting: RHB José Molina 0-0: Foul Ball, location: 2F
0-1: Called Strike
0-2: Fly out, F9 (Flyball, 89M, EV 84.4 MPH)
Batting: RHB Jarne ter Horst 0-0: Called Strike
0-1: Called Strike
0-2: Foul Ball, location: 2F
0-2: Strikes out swinging
Batting: RHB Dave Contreras 0-0: Reached on error, E5 (Groundball, 56S, EV 80.0 MPH)
Batting: SHB Tomas Caldera 0-0: Ball
1-0: Fielders Choice at 2nd, 5-4 (Groundball, 56, EV 110.6 MPH)
Top of the 4th over - 0 runs, 0 hits, 1 error, 1 left on base; St. Lucie 0 - Carolina 1
BOTTOM OF THE 4TH
Carolina Mudcats batting - Pitching for St. Lucie Mets : RHP Jeff Wemp
Batting: LHB Arvid Valk 0-0: Ball
1-0: Ground out 5-3 (Groundball, 56, EV 101.9 MPH)
Batting: RHB Teruo Nakayama 0-0: Foul Ball, location: 2F
0-1: Ball
1-1: Swinging Strike
1-2: Ball
2-2: Foul Ball, location: 2F
2-2: Ground out 4-3 (Groundball, 4, EV 84.4 MPH)
Batting: RHB Juan Montijo 0-0: Called Strike
0-1: Ground out 1-3 (Groundball, 13S, EV 65.0 MPH)
Bottom of the 4th over - 0 runs, 0 hits, 0 errors, 0 left on base; St. Lucie 0 - Carolina 1
TOP OF THE 5TH
St. Lucie Mets batting - Pitching for Carolina Mudcats : LHP Sam Toope
Batting: LHB Chris Pulsipher 0-0: Called Strike
0-1: Ball
1-1: Swinging Strike
1-2: Ball
2-2: SINGLE (Line Drive, 7S, EV 107.5 MPH)
Batting: RHB Hector Ayala 0-0: Called Strike
0-1: Called Strike
Chris Pulsipher steals 2nd base (no throw)
0-2: Ball
1-2: SINGLE (Line Drive, 9S, EV 89.4 MPH)
Chris Pulsipher to third
Runner from 3rd tries for Home, SAFE, throw by RF to home
Batting: RHB Vinny Ramales 0-0: Ball
1-0: SINGLE (Groundball, 56, EV 100.6 MPH)
Hector Ayala to second
Batting: RHB Erick Aguila 0-0: Fly out, F7 (Flyball, 78D, EV 88.1 MPH)
Batting: RHB Jeff Wemp 0-0: Called Strike
0-1: Called Strike
0-2: Foul Ball, location: 2F
0-2: SINGLE (Groundball, 56, EV 108.8 MPH)
Hector Ayala to third
Vinny Ramales to second
Pitching: RHP O.D. Claussen
Now at 1B: Joey Arboleda
Batting: RHB José Molina 0-0: Foul Ball, location: 2F
0-1: Foul Ball, location: 2F
0-2: Ball
1-2: Ball
2-2: Strikes out looking
Batting: RHB Jarne ter Horst 0-0: Ball
1-0: Ground out U3 (Groundball, 13, EV 85.6 MPH)
Top of the 5th over - 1 run, 4 hits, 0 errors, 3 left on base; St. Lucie 1 - Carolina 1
BOTTOM OF THE 5TH
Carolina Mudcats batting - Pitching for St. Lucie Mets : RHP Jeff Wemp
Batting: RHB Ricky Fernandez 0-0: Ball
1-0: Called Strike
1-1: Swinging Strike
1-2: Ball
2-2: Ground out 4-3 (Groundball, 4, EV 88.1 MPH)
Batting: RHB Joey Arboleda 0-0: Ground out 1-3 (Groundball, 15, EV 66.9 MPH)
Batting: RHB Andres Falcon 0-0: Ball
1-0: Ball
2-0: Ground out 4-3 (Groundball, 4, EV 111.3 MPH)
Bottom of the 5th over - 0 runs, 0 hits, 0 errors, 0 left on base; St. Lucie 1 - Carolina 1
TOP OF THE 6TH
St. Lucie Mets batting - Pitching for Carolina Mudcats : RHP O.D. Claussen
Batting: RHB Dave Contreras 0-0: Ground out 6-3 (Groundball, 6, EV 89.4 MPH)
Batting: SHB Tomas Caldera 0-0: Called Strike
0-1: Called Strike
0-2: Ball
1-2: Ball
2-2: Reached on error, E4 (Groundball, 13, EV 86.9 MPH)
Batting: LHB Chris Pulsipher 0-0: Ball
1-0: 2-RUN HOME RUN (Flyball, 9D, EV 101.3 MPH), Distance : 377 ft
Batting: RHB Hector Ayala 0-0: Called Strike
0-1: Fly out, F8 (Flyball, 89D, EV 97.5 MPH)
Batting: RHB Vinny Ramales 0-0: Foul Ball, location: 2F
0-1: Ball
1-1: Ball
2-1: Called Strike
2-2: Strikes out swinging
Top of the 6th over - 2 runs, 1 hit, 1 error, 0 left on base; St. Lucie 3 - Carolina 1
BOTTOM OF THE 6TH
Carolina Mudcats batting - Pitching for St. Lucie Mets : RHP Jeff Wemp
Batting: LHB Miles Peeters 0-0: Ground out 6-3 (Groundball, 6M, EV 105.6 MPH)
Batting: RHB Jason Andrews 0-0: Ball
1-0: Called Strike
1-1: Ground out 6-3 (Groundball, 56D, EV 81.3 MPH)
Batting: SHB Elijah Jackson 0-0: Ball
1-0: Ball
2-0: Ball
3-0: Called Strike
3-1: Base on Balls
Batting: LHB Arvid Valk 0-0: Called Strike
0-1: Ball
1-1: Foul Ball, location: 2F
1-2: SINGLE (Groundball, 34D, EV 99.4 MPH)
Elijah Jackson to second
Runner from 2nd tries for 3rd, SAFE, throw by RF made at trailing runner, OUT! 9-6
Bottom of the 6th over - 0 runs, 1 hit, 0 errors, 1 left on base; St. Lucie 3 - Carolina 1
TOP OF THE 7TH
St. Lucie Mets batting - Pitching for Carolina Mudcats : RHP O.D. Claussen
Pitching: LHP David Meadows
Batting: RHB Erick Aguila 0-0: Ball
1-0: Ball
2-0: Called Strike
2-1: Ball
3-1: Foul Ball, location: 2F
3-2: Strikes out swinging
Batting: RHB Jeff Wemp 0-0: Ball
1-0: Ball
2-0: Ball
3-0: Called Strike
3-1: Base on Balls
Batting: RHB José Molina 0-0: Called Strike
0-1: Ball
1-1: Ball
2-1: Called Strike
2-2: Foul Ball, location: 2F
2-2: Ball
3-2: Strikes out swinging
Batting: RHB Jarne ter Horst 0-0: Called Strike
0-1: Called Strike
0-2: Strikes out swinging
Top of the 7th over - 0 runs, 0 hits, 0 errors, 1 left on base; St. Lucie 3 - Carolina 1
BOTTOM OF THE 7TH
Carolina Mudcats batting - Pitching for St. Lucie Mets : RHP Jeff Wemp
Batting: RHB Teruo Nakayama 0-0: Ball
1-0: Swinging Strike
1-1: Called Strike
1-2: Ball
2-2: Foul Ball, location: 2F
2-2: Foul Ball, location: 2F
2-2: Ball
3-2: SINGLE (Line Drive, 7LS, EV 105.0 MPH)
Batting: LHB David Meadows 0-0: Bunt missed!
0-1: Ball
1-1: Bunted foul
1-2: Bunted foul, Strikeout!
Batting: RHB Ricky Fernandez 0-0: Called Strike
0-1: SINGLE (Groundball, 56D, EV 103.8 MPH)
Teruo Nakayama to second
Batting: RHB Joey Arboleda 0-0: Ball
1-0: Foul Ball, location: 2F
1-1: Fielders Choice at 2nd, 5-4 (Groundball, 56S, EV 87.5 MPH)
Teruo Nakayama to third
Batting: RHB Andres Falcon 0-0: Ball
1-0: Ball
2-0: Called Strike
2-1: Ball
3-1: Swinging Strike
3-2: Foul Ball, location: 2F
3-2: Ground out U3 (Groundball, 13, EV 78.1 MPH)
Bottom of the 7th over - 0 runs, 2 hits, 0 errors, 2 left on base; St. Lucie 3 - Carolina 1
TOP OF THE 8TH
St. Lucie Mets batting - Pitching for Carolina Mudcats : LHP David Meadows
Batting: RHB Dave Contreras 0-0: Ball
1-0: Foul Ball, location: 2F
1-1: DOUBLE (Flyball, 89D, EV 95.0 MPH)
Batting: SHB Tomas Caldera 0-0: Ball
1-0: Ball
2-0: Foul Ball, location: 2F
2-1: TRIPLE (Line Drive, 89XD, EV 100.6 MPH)
Dave Contreras scores
Batting: LHB Chris Pulsipher 0-0: Foul Ball, location: 2F
0-1: Ball
1-1: Foul Ball, location: 2F
1-2: Foul Ball, location: 2F
1-2: Ball
2-2: Ground out 6-3 (Groundball, 6, EV 88.8 MPH)
Tomas Caldera scores
Batting: RHB Hector Ayala 0-0: Called Strike
0-1: Called Strike
0-2: Ball
1-2: Foul Ball, location: 2F
1-2: Ball
2-2: Strikes out looking
Batting: RHB Vinny Ramales 0-0: Ball
1-0: Ball
2-0: Called Strike
2-1: Ground out 6-3 (Groundball, 6, EV 88.1 MPH)
Top of the 8th over - 2 runs, 2 hits, 0 errors, 0 left on base; St. Lucie 5 - Carolina 1
BOTTOM OF THE 8TH
Carolina Mudcats batting - Pitching for St. Lucie Mets : RHP Jeff Wemp
Pitching: RHP Javier Esparza
Batting: LHB Miles Peeters 0-0: Swinging Strike
0-1: Foul Ball, location: 2F
0-2: Foul Ball, location: 2F
0-2: Ball
1-2: Ground out U3 (Groundball, 34S, EV 81.3 MPH)
Batting: RHB Jason Andrews 0-0: Ball
1-0: Called Strike
1-1: Called Strike
1-2: Ball
2-2: Strikes out swinging
Batting: SHB Elijah Jackson 0-0: Called Strike
0-1: Foul Ball, location: 2F
0-2: Ball
1-2: Ground out 6-3 (Groundball, 6, EV 102.5 MPH)
Bottom of the 8th over - 0 runs, 0 hits, 0 errors, 0 left on base; St. Lucie 5 - Carolina 1
TOP OF THE 9TH
St. Lucie Mets batting - Pitching for Carolina Mudcats : LHP David Meadows
Pitching: RHP Alex Chipres
Batting: RHB Erick Aguila 0-0: Called Strike
0-1: Swinging Strike
0-2: Ball
1-2: Foul Ball, location: 2F
1-2: Ball
2-2: Ball
3-2: Base on Balls
Pinch Hitting: LHB Allen Cosentino 0-0: Called Strike
0-1: Ball
1-1: Called Strike
1-2: Ground out 4-3 (Groundball, 13, EV 80.6 MPH)
Erick Aguila to second
Batting: RHB José Molina 0-0: Hit by Pitch
Batting: RHB Jarne ter Horst 0-0: Foul Ball, location: 2F
0-1: Ball
1-1: Fielders Choice at 2nd, 4-6 (Groundball, 34, EV 86.3 MPH)
Erick Aguila to third
Batting: RHB Dave Contreras 0-0: Called Strike
0-1: Fly out, F7 (Line Drive, 7, EV 86.3 MPH)
Top of the 9th over - 0 runs, 0 hits, 0 errors, 2 left on base; St. Lucie 5 - Carolina 1
BOTTOM OF THE 9TH
Carolina Mudcats batting - Pitching for St. Lucie Mets : RHP Javier Esparza
Pitching: LHP Xu-gang Zhou
Batting: LHB Arvid Valk 0-0: Ball
1-0: Fly out, F8 (Line Drive, 8RM, EV 101.3 MPH)
Batting: RHB Teruo Nakayama 0-0: Ball
1-0: Foul Ball, location: 2F
1-1: Ball
2-1: Foul Ball, location: 2F
2-2: Foul Ball, location: 2F
2-2: Reached on error, E2 (Groundball, 15S, EV 65.6 MPH)
Pinch Hitting: RHB Jose Restrepo 0-0: Ball
1-0: Ball
2-0: SINGLE (Groundball, 6MD, EV 96.3 MPH)
Teruo Nakayama to third
Batting: RHB Ricky Fernandez 0-0: Foul Ball, location: 2F
0-1: Foul Ball, location: 2F
0-2: Ball
1-2: Strikes out swinging
Batting: RHB Joey Arboleda 0-0: Swinging Strike
0-1: Called Strike
0-2: Foul Ball, location: 2F
0-2: Ball
1-2: Ball
2-2: Strikes out swinging
Bottom of the 9th over - 0 runs, 1 hit, 1 error, 2 left on base; St. Lucie 5 - Carolina 1
Wednesday, June 22nd , 2022 - OOTP Baseball 23.4 Build 64